 Dungeon Crawl Stone Soup version 0.18.1-50-g88ac8fd (webtiles) character file.

163510 RTS the Executioner (level 17, 0/161 HPs)
             Began as a Minotaur Berserker on Sept 26, 2016.
             Was the Champion of Trog.
             Slain by an eight-headed hydra (7 damage)
             ... on level 4 of the Swamp.
             The game lasted 02:52:12 (37633 turns).

RTS the Executioner (Minotaur Berserker)           Turns: 37633, Time: 02:52:12

Health: 0/161      AC: 28    Str: 25    XL:     17   Next: 24%
Magic:  14/14      EV: 17    Int: 10    God:    Trog [******]
Gold:   1259       SH:  0    Dex: 12    Spells: 0 memorised, 16 levels left

rFire  . . .     SeeInvis .     B - +7 executioner's axe (elec)
rCold  + . .     Gourm    .     W - +0 swamp dragon armour
rNeg   + . .     Faith    .     (shield currently unavailable)
rPois  +         Spirit   .     (helmet restricted)
rElec  .         Dismiss  .     H - +2 cloak
rCorr  .         Reflect  .     E - +0 pair of gloves
SustAt .         Harm     .     f - +2 pair of boots
MR     ++...                    j - amulet of magic regeneration
Stlth  +.........               K - ring "Tecvug" {rN+ Str+2}
                                I - ring "Ymod" {Int+5 Stlth+}

@: exhausted, about to teleport, slowed, very slow, very resistant to hostile
enchantments, very unstealthy
A: retaliatory headbutt, horns 2, talons 1, iridescent scales 1, rough black
scales 1, cold resistance 1, low mp 1, magic resistance 1, weak 1
a: Berserk, Trog's Hand, Brothers in Arms, Burn Spellbooks, Renounce Religion


You were on level 4 of the Swamp.
You worshipped Trog.
Trog was exalted by your worship.
You were not hungry.

You visited 7 branches of the dungeon, and saw 32 of its levels.
You also visited: Ossuary, Ice Cave and Volcano.

You collected 3540 gold pieces.
You spent 2281 gold pieces at shops.

Inventory:

Hand Weapons
 B - a +7 executioner's axe of electrocution (weapon)
Armour
 f - a +2 pair of boots (worn)
 s - a steam dragon hide
 E - a +0 pair of gloves (worn)
 H - a +2 cloak (worn)
 M - a +3 chain mail
 P - the +3 ring mail of Herihamm {*Drain rN+ rCorr}
   (You found it on level 2 of the Lair of Beasts)

   It protects you from negative energy.
   It protects you from acid and corrosion.
   It causes draining when unequipped.
 W - a +0 swamp dragon armour (worn)
Jewellery
 j - an amulet of magic regeneration (around neck)
 I - the ring "Ymod" (left hand) {Int+5 Stlth+}
   (You bought it in a shop on level 12 of the Dungeon)

   [ring of stealth]

   It affects your intelligence (+5).
   It makes you more stealthy.
 K - the ring "Tecvug" (right hand) {rN+ Str+2}
   (You bought it in a shop on level 12 of the Dungeon)

   [ring of strength]

   It affects your strength (+2).
   It protects you from negative energy.
Wands
 a - a wand of disintegration (10/24)
 d - a wand of slowing (31/48)
 o - a wand of lightning (11/15)
 r - a wand of disintegration (17/24)
 v - a wand of flame (28/48)
 y - a wand of flame (45/48)
 N - a wand of confusion (17/48)
 Q - a wand of slowing (27/48)
 V - a wand of paralysis (16/24)
Scrolls
 b - 5 scrolls of teleportation
 e - 3 scrolls of recharging
 l - 2 scrolls of fear
 m - 19 scrolls of remove curse
 A - 10 scrolls of magic mapping
 D - a scroll of silence
 F - 2 scrolls of blinking
 O - a scroll of holy word
 S - 4 scrolls of fog
 Z - 3 scrolls of identify
Potions
 g - 2 potions of berserk rage
 h - 8 potions of curing
 i - a potion of cancellation
 k - 3 potions of magic
 n - 5 potions of agility
 p - 2 potions of invisibility
 t - 5 potions of brilliance
 z - 3 potions of might
 C - a potion of heal wounds
 G - a potion of resistance
 J - 5 potions of flight
 L - a potion of ambrosia
 R - a potion of haste
Miscellaneous
 q - a phial of floods
 w - a disc of storms
Comestibles
 c - 16 bread rations
 u - 31 royal jellies
 x - 19 fruits
 T - a chunk of flesh
 Y - 3 meat rations


   Skills:
 + Level 17.1 Fighting
 + Level 23.3(23.7) Axes
   Level 8.9(17.7) Maces & Flails
 * Level 14.0 Armour
 * Level 12.7 Dodging


You had 16 spell levels left.
You didn't know any spells.

Dungeon Overview and Level Annotations

Branches:
Dungeon (15/15)            Temple (0/1) D:6            Lair (8/8) D:9
  Swamp (4/4) Lair:4        Snake (0/4) Lair:4        Slime (0/6) Lair:7
    Orc (2/2) D:10            Elf (1/3) Orc:2        Vaults (0/5) D:14
 Depths (1/5) D:15           Hell (1/1)
    Dis: Hell:1         Geh: Hell:1         Coc: Hell:1         Tar: Hell:1

Altars:
Cheibriados
Dithmenos
Fedhas
Makhleb
Nemelex Xobeh
Vehumet
Xom
Zin
The Shining One

Shops:
D:8 **   D:9 *   D:12 (*==   Orc:2 (*!(%

Portals:
Hell: Lair:8

Annotations:
Swamp:2 exclusion: Roxanne, Roxanne
Hell Geryon


Innate Abilities, Weirdness & Mutations

You reflexively headbutt those who attack you in melee.
You have a pair of horns on your head.
You have sharp toenails.
You are partially covered in iridescent scales (AC +4).
You are partially covered in rough black scales (AC +4, Dex -1).
Your flesh is cold resistant.
Your magical capacity is low (-10% MP).
You are resistant to hostile enchantments.
You are weak. (Str -2)


Message History

Unknown command.
The eight-headed hydra bites you but does no damage.
The eight-headed hydra misses you.
The eight-headed hydra bites you but does no damage.
The eight-headed hydra closely misses you.
The eight-headed hydra misses you.
The eight-headed hydra bites you but does no damage.
The eight-headed hydra closely misses you.
The eight-headed hydra bites you but does no damage.
You enter the shallow water.
Moving in this stuff is going to be slow.
The eight-headed hydra closely misses you.
The eight-headed hydra bites you.
* * * LOW HITPOINT WARNING * * *
The eight-headed hydra bites you but does no damage.
The eight-headed hydra closely misses you.
The eight-headed hydra completely misses you.
The eight-headed hydra bites you but does no damage.
The eight-headed hydra misses you. The eight-headed hydra bites you!
You die...

♣.≈≈≈≈≈..≈≈≈≈≈≈≈≈≈≈≈≈≈≈
♣.≈≈≈.≈≈.≈≈≈≈≈≈≈≈≈≈≈≈≈≈
♣♣≈≈≈≈≈.§≈≈≈≈≈≈≈≈≈≈≈≈≈≈
♣§≈≈.≈≈)≈≈≈≈≈≈≈≈≈≈≈≈.≈
♣♣≈..≈≈.†%§.≈♣.(≈≈≈...
♣♣≈.≈†.≈≈≈♣♣♣♣≈≈≈≈≈≈♣
♣♣≈...†..♣ ♣..≈≈≈♣♣.
♣♣≈D.≈.≈♣♣♣...≈.≈..
♣@÷♣♣♣♣♣♣..♣♣♣≈≈..
♣♣♣.≈♣ ♣≈♣♣ ♣♣♣..
♣.≈.♣♣ ♣♣♣ ♣♣♣ ♣♣≈≈♣
♣≈≈♣ ♣♣♣♣


You could see an eight-headed hydra.

Vanquished Creatures
  Kirke (D:12)
  Frances (D:12)
  4 thorn hunters
  Louise (Swamp:2)
  A stone giant (Orc:1)
  The ghost of flt the Destroyer, a journeyman DrCj of Vehumet (D:13)
  Nessos (Lair:6)
  An ettin (D:15)
  Snorg (Lair:7)
  8 vault guards (D:14)
  Josephine (D:12)
  The ghost of Nordron the Thaumaturge, a journeyman GrEE of Vehumet (Lair:4)
  18 hydras
  5 centaur warriors
  Erica (D:11)
  A death knight (D:15)
  2 catoblepae
  2 ghost crabs (Swamp:3)
  4 alligators
  3 ogre magi (D:15)
  6 death yaks
  Urug (Lair:3)
  A tengu warrior (D:15)
  The ghost of letownia the Thaumaturge, a journeyman VSWz of Gozag (D:11)
  Nergalle (Lair:3)
  8 spriggans
  A hell knight (D:15)
  A sun demon (Lair:8)
  2 skeletal warriors (D:15)
  2 fire crabs
  2 spriggan druids (Swamp:4)
  An unseen horror (D:10)
  6 swamp dragons
  2 hill giants
  A wizard (Lair:8)
  3 shambling mangroves
  A wolf spider zombie (D:15)
  A hornet (Swamp:3)
  4 orc sorcerers
  4 orc knights
  A cyclops (D:13)
  A sixfirhy (Lair:8)
  13 elephants
  7 ugly things
  A moth of wrath (shapeshifter) (D:10)
  3 manticores
  A smoke demon (Lair:8)
  9 black mambas
  The ghost of Peloso the Covered, a novice MiFi of Okawaru (D:5)
  3 orange demons (Lair:8)
  2 molten gargoyles (Volcano)
  2 ice statues (IceCv)
  Psyche (Lair:2)
  24 spiny frogs
  4 gargoyles
  14 komodo dragons
  5 rime drakes
  12 ice devils
  An efreet (D:15)
  3 kobold demonologists (D:15)
  A freezing wraith (D:15)
  5 red devils (Lair:8)
  2 tengu conjurers
  6 giant leeches
  7 trolls
  A queen bee (Lair:3)
  2 polar bears
  2 bog bodies
  3 two-headed ogres
  8 slime creatures
  18 blink frogs
  3 shadows
  A yak (shapeshifter) (D:15)
  5 wyverns
  51 yaks
  Sigmund (Lair:2)
  7 wraiths
  5 basilisks
  5 hogs (D:12)
  5 fire elementals (Volcano)
  A hungry ghost (D:10)
  3 humans (Lair:2)
  13 hippogriffs
  2 steam dragons
  2 wargs (Orc:2)
  A harpy simulacrum (D:15)
  26 vampire mosquitoes
  18 insubstantial wisps
  2 soldier ants (D:8)
  3 nagas (Lair:4)
  15 swamp worms
  A hell hound (Lair:8)
  21 water moccasins
  15 porcupines
  5 swamp drakes (Swamp:4)
  5 ice beasts
  42 orc warriors
  5 phantoms
  3 sky beasts
  2 black bears
  A necrophage (D:6)
  9 wolves
  19 wasps
  20 ogres
  22 crocodiles
  13 centaurs
  5 big kobolds
  27 giant frogs
  A gnoll sergeant (D:10)
  6 scorpions
  33 killer bees
  21 wights
  An electric eel (D:14)
  A howler monkey (D:6)
  3 giant frog zombies
  12 crimson imps
  A draconian simulacrum (IceCv)
  4 centaur zombies
  20 jellies
  2 quasits
  11 hounds
  2 giant frog skeletons
  A gnoll shaman (D:8)
  27 orc priests
  21 orc wizards
  8 centaur skeletons
  9 iguanas
  A spriggan simulacrum (IceCv)
  11 worker ants
  2 troll simulacra (IceCv)
  40 sheep
  2 big kobold zombies (Ossuary)
  A hound skeleton (D:10)
  3 mummies (Ossuary)
  11 adders
  14 gnolls
  4 naga simulacra (IceCv)
  2 ogre simulacra (IceCv)
  110 river rats
  2 shadow imps (D:12)
  12 white imps (Lair:2)
  An ooze (D:3)
  3 worms
  A dart slug (D:4)
  4 giant geckos
  98 orcs
  2 ball pythons (D:3)
  9 bats
  6 giant cockroaches
  A gnoll zombie (Ossuary)
  8 goblins
  9 hobgoblins
  19 jackals
  3 quokkas
  4 giant newts
  3 goblin zombies (Ossuary)
  A jackal skeleton (D:5)
  18 kobolds
  2 kobold zombies (Ossuary)
  10 rats
  20 briar patches
  2 bushes
  A fire vortex (Volcano)
  10 fungi
  9 plants
1297 creatures vanquished.

Vanquished Creatures (others)
  2 spriggans (Swamp:3)
  A swamp drake (Swamp:3)
  A wasp (Swamp:3)
  A kobold (D:15)
  9 briar patches
  2 fire vortices (Volcano)
  9 fungi
  6 plants
31 creatures vanquished.

Grand Total: 1328 creatures vanquished

Notes
Turn   | Place    | Note
--------------------------------------------------------------
     0 | D:1      | RTS the Minotaur Berserker began the quest for the Orb.
     0 | D:1      | Reached XP level 1. HP: 19/19 MP: 0/0
     0 | D:1      | Noticed a vine stalker
     6 | D:1      | Noticed an ogre
     7 | D:1      | Noticed an octopode
    11 | D:1      | Noticed a ghoul
    15 | D:1      | Noticed a spriggan
    17 | D:1      | Noticed a minotaur zombie
   221 | D:1      | Reached skill level 4 in Axes
   229 | D:1      | Reached XP level 2. HP: 25/27 MP: 1/1
   657 | D:2      | Reached XP level 3. HP: 33/33 MP: 2/2
   669 | D:2      | Reached ** piety under Trog
   794 | D:2      | Found a sparkling altar of Nemelex Xobeh.
  1528 | D:3      | Reached XP level 4. HP: 41/41 MP: 3/3
  1656 | D:3      | Found a shadowy altar of Dithmenos.
  1656 | D:3      | Found a snail-covered altar of Cheibriados.
  1656 | D:3      | Found a glowing golden altar of the Shining One.
  1791 | D:3      | Reached *** piety under Trog
  1914 | D:4      | Noticed a phantom
  1929 | D:4      | Killed a phantom
  1929 | D:4      | Reached skill level 5 in Fighting
  1929 | D:4      | Reached skill level 5 in Axes
  1929 | D:4      | Reached XP level 5. HP: 36/48 MP: 4/4
  2155 | D:4      | Found a blossoming altar of Fedhas.
  2411 | D:4      | Reached XP level 6. HP: 55/56 MP: 5/5
  2477 | D:4      | Found a radiant altar of Vehumet.
  3023 | D:5      | Entered Level 5 of the Dungeon
  3044 | D:5      | Found a sand-covered staircase.
  3049 | Ossuary  | Entered an ossuary
  3218 | Ossuary  | Reached skill level 6 in Axes
  3218 | Ossuary  | Reached XP level 7. HP: 61/62 MP: 6/6
  3548 | D:5      | Noticed Peloso's ghost (novice MiFi)
  3555 | D:5      | Killed Peloso's ghost
  3555 | D:5      | Reached skill level 5 in Armour
  3646 | D:5      | Reached skill level 5 in Dodging
  3673 | D:5      | Reached skill level 7 in Axes
  3941 | D:5      | Reached XP level 8. HP: 63/71 MP: 7/7
  4147 | D:6      | Reached **** piety under Trog
  4285 | D:6      | Reached skill level 8 in Axes
  4463 | D:6      | Gained mutation: You have sharp toenails. [potion of mutation]
  4463 | D:6      | Gained mutation: Your body sometimes deteriorates upon taking damage. [potion of mutation]
  4463 | D:6      | Gained mutation: You are partially covered in rough black scales (AC +4, Dex -1). [potion of mutation]
  4542 | D:6      | Found a staircase to the Ecumenical Temple.
  4893 | D:7      | Reached skill level 9 in Axes
  5045 | D:7      | Got a brightly glowing mace
  5046 | D:7      | Identified the +2 mace of the Owl {freeze, *Corrode rPois MP+9 Dex+5} (You found it on level 7 of the Dungeon)
  5399 | D:7      | Noticed an angel
  5400 | D:7      | Found a glowing silver altar of Zin.
  5401 | D:7      | Found a shimmering altar of Xom.
  5756 | D:8      | Reached skill level 10 in Axes
  5756 | D:8      | Reached XP level 9. HP: 81/81 MP: 8/8
  5845 | D:8      | Reached skill level 1 in Maces & Flails
  5873 | D:8      | Reached skill level 11 in Axes
  5901 | D:8      | Reached ***** piety under Trog
  6072 | D:8      | Found Duus's Assorted Antiques.
  6076 | D:8      | Bought a brass ring for 140 gold pieces
  6076 | D:8      | Bought a silvery potion for 25 gold pieces
  6076 | D:8      | Bought a potion of mutation for 70 gold pieces
  6078 | D:8      | Gained mutation: Scrolls take you a little longer to read. [potion of mutation]
  6078 | D:8      | Gained mutation: You are weak. (Str -2) [potion of mutation]
  6078 | D:8      | Gained mutation: Your magical capacity is low (-10% MP). [potion of mutation]
  6156 | D:8      | Reached skill level 10 in Fighting
  6336 | D:8      | Found Gompod's Assorted Antiques.
  6348 | D:8      | Reached XP level 10. HP: 94/94 MP: 8/8
  6355 | D:8      | Bought a silvery potion for 29 gold pieces
  6442 | D:8      | Reached skill level 5 in Maces & Flails
  6889 | D:9      | Found a staircase to the Lair.
  7467 | D:9      | Found Ixithic's Assorted Antiques.
  7472 | D:9      | Bought a scroll labeled BYUFAGGYAPAM for 25 gold pieces
  7472 | D:9      | Bought a scroll labeled BYUFAGGYAPAM for 25 gold pieces
  7493 | D:9      | Found a burning altar of Makhleb.
  7633 | Lair:1   | Entered Level 1 of the Lair of Beasts
  7683 | Lair:1   | Reached ****** piety under Trog
  7833 | Lair:1   | Reached skill level 12 in Axes
  7836 | Lair:1   | Reached XP level 11. HP: 13/104 MP: 8/8
  9373 | Lair:2   | Reached skill level 13 in Axes
  9647 | Lair:2   | Found a frozen archway.
  9690 | Lair:2   | Got a translucent ring mail
  9697 | IceCv    | Entered an ice cave
 10792 | IceCv    | Received a gift from Trog
 10792 | IceCv    | Reached skill level 14 in Axes
 10809 | IceCv    | Identified the +3 ring mail of Herihamm {*Drain rN+ rCorr} (You found it on level 2 of the Lair of Beasts)
 12499 | Lair:2   | Noticed an eight-headed hydra
 12583 | D:10     | Entered Level 10 of the Dungeon
 12654 | D:10     | Found a staircase to the Orcish Mines.
 12659 | Orc:1    | Entered Level 1 of the Orcish Mines
 12732 | Orc:1    | Found a dark tunnel.
 12755 | Orc:1    | Noticed a stone giant
 12766 | Orc:1    | Killed a stone giant
 12766 | Orc:1    | Reached XP level 12. HP: 113/113 MP: 9/9
 12789 | Volcano  | Entered a volcano
 13555 | Volcano  | HP: 7/172 [molten gargoyle/bolt of magma (15)]
 13557 | Volcano  | Reached skill level 15 in Axes
 14112 | Orc:2    | Entered Level 2 of the Orcish Mines
 14113 | Orc:2    | Found Lusuc's Weapon Boutique.
 14136 | Orc:2    | Received a gift from Trog
 15956 | Orc:2    | Reached skill level 16 in Axes
 16195 | Orc:2    | Received a gift from Trog
 17470 | Orc:2    | Found a staircase to the Elven Halls.
 17476 | Orc:2    | Received a gift from Trog
 17798 | Elf:1    | Entered Level 1 of the Elven Halls
 17875 | Orc:2    | Found Foasy's Distillery.
 17875 | Orc:2    | Found Woclup's Antique Weapon Shoppe.
 17877 | Orc:2    | Found Zereh's Food Emporium.
 17879 | Orc:2    | Found Cazawewn's General Store.
 17883 | Orc:2    | Bought a potion of cancellation for 128 gold pieces
 17883 | Orc:2    | Bought a potion of lignification for 48 gold pieces
 17883 | Orc:2    | Bought a potion of beneficial mutation for 560 gold pieces
 17883 | Orc:2    | Bought a potion of brilliance for 64 gold pieces
 17883 | Orc:2    | Bought a potion of lignification for 48 gold pieces
 17883 | Orc:2    | Bought a potion of curing for 48 gold pieces
 17883 | Orc:2    | Bought a potion of mutation for 40 gold pieces
 17892 | Orc:2    | Gained mutation: You are resistant to hostile enchantments. [potion of mutation]
 17892 | Orc:2    | Lost mutation: Scrolls take you a little longer to read. [potion of mutation]
 17892 | Orc:2    | Gained mutation: Scrolls take you a little longer to read. [potion of mutation]
 17893 | Orc:2    | Gained mutation: You are partially covered in iridescent scales (AC +4). [potion of beneficial mutation]
 17996 | Orc:1    | Reached XP level 13. HP: 113/123 MP: 10/10
 18099 | Lair:2   | Reached skill level 10 in Armour
 18489 | Lair:2   | Noticed Sigmund
 18490 | Lair:2   | Noticed Psyche
 18782 | Lair:2   | Killed Sigmund
 18782 | Lair:2   | Reached skill level 17 in Axes
 18890 | Lair:2   | Killed Psyche
 19176 | Lair:3   | Noticed Nergalle
 19198 | Lair:3   | Killed Nergalle
 19653 | Lair:3   | Received a gift from Trog
 19704 | Lair:3   | Noticed Urug
 19714 | Lair:3   | Killed Urug
 20788 | Lair:4   | Reached skill level 18 in Axes
 20945 | Lair:4   | Found a staircase to the Snake Pit.
 20959 | Lair:4   | Found a staircase to the Swamp.
 21008 | Swamp:1  | Entered Level 1 of the Swamp
 21181 | Lair:4   | Noticed Nordron's ghost (journeyman GrEE)
 21188 | Lair:4   | Killed Nordron's ghost
 21429 | Lair:5   | Received a gift from Trog
 22183 | Lair:5   | Received a gift from Trog
 22466 | Lair:6   | Noticed Nessos
 23172 | D:10     | Reached XP level 14. HP: 133/133 MP: 11/11
 23986 | D:11     | Received a gift from Trog
 24011 | D:11     | Noticed letownia's ghost (journeyman VSWz)
 24021 | D:11     | Killed letownia's ghost
 24118 | D:11     | Noticed Erica
 24123 | D:11     | Killed Erica
 24123 | D:11     | Reached skill level 19 in Axes
 24610 | D:11     | Identified a scroll of acquirement
 24650 | D:12     | Found Cioso's Jewellery Emporium.
 24694 | D:12     | Found Ykhlor's Jewellery Shop.
 24702 | D:12     | Lost mutation: Your body sometimes deteriorates upon taking damage. [mutagenic meat]
 24703 | D:12     | Lost mutation: Scrolls take you a little longer to read. [mutagenic meat]
 24712 | D:12     | Bought an uncursed ring of poison resistance for 280 gold pieces
 24712 | D:12     | Bought the ring "Tecvug" {rN+ Str+2} for 261 gold pieces
 24712 | D:12     | Bought the ring "Ymod" {Int+5 Stlth+} for 490 gold pieces
 24733 | D:12     | Found Norch's Assorted Antiques.
 24899 | D:12     | Noticed Frances
 24900 | D:12     | Gained mutation: Your flesh is cold resistant. [mutagenic meat]
 24907 | D:12     | Killed Frances
 25067 | D:12     | Found Ubrualois's Antique Weapon Shop.
 25212 | D:12     | Noticed Kirke
 25221 | D:12     | Killed Kirke
 25388 | D:12     | Found Lycizeke's Magic Scroll Emporium.
 25415 | D:12     | Received a gift from Trog
 25489 | D:12     | Noticed Josephine
 25498 | D:12     | Killed Josephine
 25627 | D:13     | Noticed flt's ghost (journeyman DrCj)
 25642 | D:13     | Killed flt's ghost
 25874 | D:13     | Reached skill level 15 in Fighting
 26009 | D:13     | Reached skill level 20 in Axes
 26818 | D:14     | Found a gate to the Vaults.
 26842 | D:14     | Reached XP level 15. HP: 120/141 MP: 12/12
 27429 | D:15     | Entered Level 15 of the Dungeon
 27516 | D:15     | Received a gift from Trog
 27521 | D:15     | Reached skill level 21 in Axes
 27572 | D:15     | Found a staircase to the Depths.
 27577 | Depths:1 | Entered Level 1 of the Depths
 28396 | D:15     | Reached skill level 10 in Dodging
 29088 | Lair:6   | Found a burning altar of Makhleb.
 29119 | Lair:6   | Killed Nessos
 30163 | Lair:7   | Found a staircase to the Slime Pits.
 30223 | Lair:7   | Noticed Snorg
 30233 | Lair:7   | Killed Snorg
 30679 | Lair:7   | Reached skill level 22 in Axes
 30843 | Lair:7   | Received a gift from Trog
 30968 | Lair:7   | Reached XP level 16. HP: 140/151 MP: 13/13
 31257 | Lair:8   | Entered Level 8 of the Lair of Beasts
 31554 | Lair:8   | Found a burning altar of Makhleb.
 31579 | Lair:8   | Found a gateway to Hell.
 32043 | Lair:8   | Received a gift from Trog
 32823 | Hell     | Entered the Vestibule of Hell
 32823 | Hell     | Noticed Geryon
 32823 | Hell     | Noticed a tentacled monstrosity
 33425 | Swamp:1  | Noticed a thorn hunter
 33707 | Swamp:1  | Killed a thorn hunter
 33885 | Swamp:2  | Noticed Louise
 34010 | Swamp:1  | Got an ancient leather armour
 34021 | Swamp:1  | Identified the +0 leather armour of Love and Death {Str+6} (You found it on level 1 of the Swamp)
 34229 | Swamp:2  | Killed Louise
 34455 | Swamp:2  | Noticed Roxanne
 35019 | Swamp:2  | Reached skill level 23 in Axes
 35422 | Swamp:3  | Noticed a thorn hunter
 35429 | Swamp:3  | Killed a thorn hunter
 35977 | Swamp:3  | Received a gift from Trog
 36233 | Swamp:4  | Entered Level 4 of the Swamp
 36301 | Swamp:4  | Noticed a thorn hunter
 36326 | Swamp:4  | HP: 5/154 [shambling mangrove (6)]
 36716 | Swamp:3  | Reached XP level 17. HP: 160/160 MP: 14/14
 37633 | Swamp:4  | HP: 7/161 [eight-headed hydra (5)]
 37633 | Swamp:4  | Slain by an eight-headed hydra

Skill      XL: |  1  2  3  4  5  6  7  8  9 10 11 12 13 14 15 16 17 |
---------------+----------------------------------------------------+-----
Axes           | 4 5 6 7 10 11 12 14 16 18 20 22 23 | 23.3
Fighting       | 4 5 6 8 10 12 13 14 15 16 17 | 17.1
Dodging        | 3 4 5 6 8 9 10 12 | 12.7
Armour         | 3 4 6 8 9 10 11 12 13 14 | 14.0
Maces & Flails | 4 8 |  8.9

Action                   |  1- 3 |  4- 6 |  7- 9 | 10-12 | 13-15 | 16-18 || total
-------------------------+-------+-------+-------+-------+-------+-------++-------
Melee: Hand axe          |    81 |    26 |       |       |       |       ||   107
       Headbutt          |     9 |    22 |    80 |   128 |   189 |    96 ||   524
       War axe           |       |    72 |   124 |    83 |       |       ||   279
       Mace              |       |       |   159 |   157 |       |       ||   316
       Broad axe         |       |       |       |   179 |       |       ||   179
       Battleaxe         |       |       |       |   354 |   161 |       ||   515
       Executioner's axe |       |       |       |       |   880 |   485 ||  1365
Invok: Berserk           |       |     2 |     5 |    20 |    30 |    20 ||    77
       Burn Spellbooks   |       |       |     1 |     1 |     2 |     2 ||     6
Evoke: Deck              |       |     1 |       |       |       |       ||     1
       Phial of floods   |       |       |       |     1 |       |       ||     1
  Use: Scroll            |       |       |    16 |     6 |    18 |     7 ||    47
       Potion            |       |       |     2 |     6 |     3 |     5 ||    16
 Stab: Distracted        |       |       |       |       |     1 |       ||     1
  Eat: Chunk             |     2 |     6 |    12 |    34 |    64 |    20 ||   138
       Meat ration       |       |     1 |       |     5 |       |     3 ||     9
       Beef jerky        |       |       |       |     1 |     1 |     4 ||     6
       Pizza             |       |       |       |       |     6 |     2 ||     8
Armor: Animal skin       |     7 |       |       |       |       |       ||     7
       Scale mail        |    13 |    37 |    24 |       |       |       ||    74
       Chain mail        |       |       |    83 |       |   217 |   152 ||   452
       Plate armour      |       |       |    52 |   453 |   528 |       ||  1033
       Swamp dragon armo |       |       |       |       |       |   244 ||   244
       Ring mail         |       |       |       |       |       |    22 ||    22
Dodge: Dodged            |    56 |    48 |   146 |   303 |   532 |   444 ||  1529
